 Dungeon Crawl Stone Soup version 0.21-a0-414-gba8bdf1 (webtiles) character file.

8177 sagitran the Carver (level 11, 0/76 HPs)
             Began as a Demonspawn Gladiator on Oct 31, 2017.
             Was a Priest of Hepliaklqana.
             Slain by a seven-headed hydra (9 damage)
             ... on level 9 of the Dungeon on Nov 2, 2017.
             The game lasted 00:55:21 (7685 turns).

sagitran the Carver (Demonspawn Gladiator)          Turns: 7685, Time: 00:55:24

Health: 0/76       AC: 10    Str: 17    XL:     11   Next: 6%
Magic:  17/17      EV: 14    Int: 10    God:    Hepliaklqana [***...]
Gold:   176        SH:  7    Dex: 19    Spells: 12/13 levels left

rFire    . . .     SeeInvis .   T - staff of wizardry
rCold    . . .     Gourm    .   k - +1 buckler
rNeg     + . .     Faith    .   H - +0 ring mail "Cuyribla" {+Blink rPois Dex+4 Stlth-} (curse)
rPois    +         Spirit   .   c - +0 helmet
rElec    .         Reflect  .   (no cloak)
rCorr    .         Harm     .   r - +0 pair of gloves
MR       .....     Clarity  +   (boots unavailable)
Stlth    +.........             o - amulet of regeneration
HPRegen  0.62/turn              n - ring of flight
MPRegen  0.15/turn              S - ring of positive energy

@: very slow
A: reduced essence, talons 3, rugged brown scales 2, blurry vision 1, clarity,
powered by death 1, wild magic 1
a: Recall Ancestor, Ancestor Identity, Transference, Renounce Religion, Evoke
Blink, Evoke Flight


You were on level 9 of the Dungeon.
You worshipped Hepliaklqana.
Hepliaklqana was most pleased with you.
You were not hungry.

You visited 1 branch of the dungeon, and saw 9 of its levels.

You collected 176 gold pieces.

Inventory:

Hand Weapons
 a - a +0 long sword
Missiles
 d - 2 throwing nets (quivered)
 V - 11 tomahawks
Armour
 b - a +0 leather armour
 c - a +0 helmet (worn)
 k - a +1 buckler (worn)
 r - a +0 pair of gloves (worn)
 G - the +0 robe "Zurij" {rF- rC+ rCorr}
   (You found it on level 4 of the Dungeon)

   It makes you vulnerable to fire.
   It protects you from cold.
   It protects you from acid and corrosion.
 H - the cursed +0 ring mail "Cuyribla" (worn) {+Blink rPois Dex+4 Stlth-}
   (You found it on level 4 of the Dungeon)

   It affects your dexterity (+4).
   It protects you from poison.
   It lets you blink.
   It makes you less stealthy.
   It has a curse placed upon it.
 O - a +1 leather armour of positive energy
Magical Staves
 T - an uncursed staff of wizardry (weapon)
Jewellery
 n - a ring of flight (left hand)
 o - an amulet of regeneration (around neck)
 S - a ring of positive energy (right hand)
Wands
 B - a wand of confusion (14/48)
 I - a wand of digging (14/24)
 P - a wand of polymorph (13/24)
 U - a wand of polymorph (8/24)
Scrolls
 e - 6 scrolls of teleportation
 h - 2 scrolls of enchant weapon {unknown}
 i - 3 scrolls of enchant armour
 l - 2 scrolls of remove curse
 q - 4 scrolls of blinking
 t - 3 scrolls of fear
 w - a scroll of recharging {unknown}
 x - a scroll of random uselessness {unknown}
 y - a scroll of fog {unknown}
 F - 4 scrolls of magic mapping
 J - 3 scrolls of amnesia {unknown}
Potions
 g - a potion of heal wounds
 j - a potion of curing
 m - 2 potions of lignification {unknown}
 p - a potion of berserk rage {unknown}
 s - 3 potions of flight
 u - a potion of mutation {unknown}
 v - 2 potions of ambrosia
 z - 2 potions of invisibility
 C - a potion of might {unknown}
 D - 3 potions of brilliance
 E - 4 potions of agility
 K - 2 potions of magic
Books
 Q - a book of Cantrips

   Spells                             Type                      Level
   a - Confusing Touch                Hexes                        1
   b - Animate Skeleton               Necromancy                   1
   c - Summon Small Mammal            Summoning                    1
   d - Apportation                    Translocation                1
Miscellaneous
 R - a sack of spiders
Comestibles
 f - 7 bread rations
 A - 13 fruits
 L - 4 meat rations
 M - 5 royal jellies
 N - 6 chunks of flesh


   Skills:
 + Level 5.7 Fighting
 + Level 9.5 Long Blades
 + Level 1.8 Throwing
 + Level 5.2 Armour
 + Level 5.4 Dodging
 + Level 4.1 Stealth
 + Level 4.2 Shields
 + Level 1.8 Spellcasting
 + Level 1.1 Necromancy
 * Level 9.2 Invocations
 + Level 1.5 Evocations


You had 12 spell levels left.
You knew the following spells:

 Your Spells              Type           Power        Failure   Level  Hunger
a - Animate Skeleton      Necr           N/A          19%         1    ##.....


Dungeon Overview and Level Annotations

Branches:
Dungeon (9/15)             Temple (0/1) D:7
   Lair: D:8-11         Orc: D:9-12

Altars:
Elyvilon
Fedhas
Gozag
Hepliaklqana
Kikubaaqudgha
Nemelex Xobeh
Trog
Vehumet
Xom
Yredelemnul
Zin
The Shining One

Shops:
D:6 (

Annotations:
D:7 Maurice


Innate Abilities, Weirdness & Mutations

You have claws for feet.
You are mostly covered in rugged brown scales. (AC +2, +5% HP)
You regenerate a little health from kills.
Your life essence is reduced to manifest your ancestor. (-10% HP)
Scrolls take you a little longer to read.
You possess an exceptional clarity of mind.
Your spells are a little harder to cast, but a little more powerful.


Message History

The seven-headed hydra bites Kepleb.
The seven-headed hydra bites Kepleb but does no damage.
The seven-headed hydra bites Kepleb! x2; The seven-headed hydra bites Kepleb.
Kepleb barely misses the seven-headed hydra.
The big kobold closely misses Kepleb.
The big kobold hits Kepleb but does no damage.
Kepleb hits the seven-headed hydra with a dagger of draining!
You enter the shallow water.
Moving in this stuff is going to be slow.
The big kobold hits Kepleb.
You block the seven-headed hydra's attack.
The seven-headed hydra bites you.
* * * LOW HITPOINT WARNING * * *
The seven-headed hydra misses you. The seven-headed hydra bites you!
* * * LOW HITPOINT WARNING * * *
The seven-headed hydra bites you.
* * * LOW HITPOINT WARNING * * *
The seven-headed hydra completely misses you.
The seven-headed hydra bites you!
You die...

##################
.................#
.........Z...>...#
.#####..######.#####
.# #..# #.≈.≈.≈PP#
.# #..# #......≈P#
.# #..# #.....P)≈#
.# #..# #.....@≈P#
.# #..# #....DP≈.#
.#####..####''R###+#
..........#...(.#.)#
..........#....K'%.#
######..############
# #.)# #..# # #..#
#..# # #..# #..#


You could see the friendly Kepleb the hexer, a seven-headed hydra and a big
kobold.

Vanquished Creatures
  A two-headed ogre (D:8)
  The ghost of dainius the Basher, a novice MiFi of Nemelex Xobeh (D:9)
  The ghost of grizmgrazm2 the Magician, a novice HuEE of Sif Muna (D:8)
  A manticore (D:9)
  A hornet (D:8)
  A troll (D:9)
  A hippogriff (D:8)
  2 dream sheep (D:9)
  3 yaks
  Eustachio (D:6)
  A hungry ghost (D:8)
  A vampire mosquito (D:8)
  Menkaure (D:7)
  A water moccasin (D:7)
  An orc warrior (D:7)
  A black bear (D:8)
  An ice beast (D:6)
  An eye of draining (D:7)
  2 sky beasts
  2 phantoms
  5 ogres
  A centaur (D:8)
  5 bullfrogs
  2 big kobolds (D:9)
  4 scorpions
  2 killer bees (D:8)
  A wight (D:8)
  2 howler monkeys
  3 crimson imps (D:5)
  A bullfrog zombie (D:8)
  A quasit (D:8)
  A centaur skeleton (D:9)
  2 orc priests
  A hound (D:8)
  2 jellies
  An iguana (D:6)
  4 orc wizards
  Natasha (thrice) (D:3)
  2 worker ants
  A hound zombie (D:7)
  4 gnolls
  5 adders
  3 shadow imps
  2 oozes (D:1)
  A dart slug (D:1)
  3 worms
  4 leopard geckos
  8 orcs
  A giant cockroach (D:1)
  2 goblins (D:1)
  4 hobgoblins
  8 jackals (D:1)
  3 quokkas
  2 ball pythons
  10 bats
  5 frilled lizards
  A jackal skeleton (D:4)
  9 kobolds
  2 leopard gecko skeletons
  A leopard gecko zombie (D:9)
  A quokka skeleton (D:4)
  12 rats
160 creatures vanquished.

Vanquished Creatures (collateral kills)
  A hungry ghost (D:8)
  2 ice beasts (D:8)
  A black bear (D:8)
  An ogre (D:9)
  4 centaurs
  A bullfrog (D:7)
  An electric eel (D:9)
  A bullfrog zombie (D:8)
  A hound (D:8)
  A jelly (D:5)
  A bullfrog skeleton (D:6)
  4 orc wizards
  Jessica (D:3)
  A worker ant (D:5)
  A hound skeleton (D:7)
  A howler monkey zombie (D:8)
  A gnoll (D:3)
  2 adders
  An adder zombie (D:5)
  A worm (D:3)
  A leopard gecko (D:3)
  4 orcs
  A ball python (D:5)
  A giant cockroach (D:2)
  A goblin (D:3)
  A hobgoblin (D:2)
  A bat (D:2)
  A kobold (D:2)
  A quokka skeleton (D:6)
  A quokka zombie (D:8)
  A plant (D:9)
42 creatures vanquished.

Vanquished Creatures (others)
  6 hexers
  2 ancestors
  A fungus (D:3)
9 creatures vanquished.

Grand Total: 211 creatures vanquished

Notes
Turn   | Place    | Note
-------+----------+-------------------------------------------
     0 | D:1      | sagitran the Demonspawn Gladiator began the quest for the Orb.
     0 | D:1      | Reached XP level 1. HP: 16/16 MP: 1/1
    83 | D:1      | Gained mutation: You are partially covered in rugged brown scales. (AC +1, +3% HP) [demonic ancestry]
    83 | D:1      | Reached XP level 2. HP: 6/22 MP: 2/2
   693 | D:1      | Gained mutation: You have sharp toenails. [demonic ancestry]
   693 | D:1      | Reached XP level 3. HP: 22/27 MP: 3/3
  1049 | D:2      | Upgraded the game from 0.21-a0-404-g291f19a to 0.21-a0-414-gba8bdf1
  1266 | D:1      | Reached skill level 1 in Armour
  1331 | D:2      | Gained mutation: You have razor-sharp toenails. [demonic ancestry]
  1331 | D:2      | Reached XP level 4. HP: 33/33 MP: 4/4
  1415 | D:2      | Found a hazy altar of Hepliaklqana.
  1416 | D:2      | Found a shimmering altar of Xom.
  1416 | D:2      | Noticed a hell beast
  1417 | D:2      | Noticed a hell beast
  1417 | D:2      | Noticed a spectral ugly thing
  1428 | D:2      | Became a worshipper of Hepliaklqana the Forgotten
  1793 | D:3      | Noticed Natasha
  1796 | D:3      | Killed Natasha
  1874 | D:3      | Noticed Natasha
  1878 | D:3      | Killed Natasha
  1878 | D:3      | Reached XP level 5. HP: 31/36 MP: 5/5
  2361 | D:3      | Found a blossoming altar of Fedhas.
  2382 | D:3      | Found a blossoming altar of Fedhas.
  2390 | D:3      | Noticed Natasha
  2400 | D:3      | Killed Natasha
  2400 | D:3      | Gained mutation: You regenerate a little health from kills. [demonic ancestry]
  2400 | D:3      | Reached XP level 6. HP: 42/42 MP: 6/6
  2771 | D:3      | Noticed Jessica
  2780 | D:3      | Killed Jessica
  2780 | D:3      | Reached skill level 5 in Long Blades
  3262 | D:4      | Reached skill level 1 in Stealth
  3262 | D:4      | Reached skill level 1 in Shields
  3262 | D:4      | Reached XP level 7. HP: 48/48 MP: 7/7
  3341 | D:4      | Got a faintly humming robe
  3352 | D:4      | Identified the +0 robe "Zurij" {rF- rC+ rCorr} (You found it on level 4 of the Dungeon)
  3382 | D:4      | Reached * piety under Hepliaklqana
  3409 | D:4      | Got an ichor-stained ring mail
  3420 | D:4      | Identified the cursed +0 ring mail "Cuyribla" {+Blink rPois Dex+4 Stlth-} (You found it on level 4 of the Dungeon)
  3544 | D:5      | Entered Level 5 of the Dungeon
  3766 | D:5      | Reached skill level 1 in Invocations
  4240 | D:6      | Gained mutation: You have claws for feet. [demonic ancestry]
  4240 | D:6      | Reached XP level 8. HP: 53/53 MP: 8/10
  4244 | D:6      | Gained mutation: Your spells are a little harder to cast, but a little more powerful. [mutagenic meat]
  4245 | D:6      | Gained mutation: You possess an exceptional clarity of mind. [mutagenic meat]
  4246 | D:6      | Gained mutation: Scrolls take you a little longer to read. [mutagenic meat]
  4268 | D:6      | Found a basalt altar of Yredelemnul.
  4269 | D:6      | Found a sparkling altar of Nemelex Xobeh.
  4271 | D:6      | Found a bloodstained altar of Trog.
  4273 | D:6      | Found a glowing golden altar of the Shining One.
  4273 | D:6      | Found an ancient bone altar of Kikubaaqudgha.
  4273 | D:6      | Found a radiant altar of Vehumet.
  4273 | D:6      | Found a white marble altar of Elyvilon.
  4478 | D:6      | Found an opulent altar of Gozag.
  4479 | D:6      | Found a glowing silver altar of Zin.
  4541 | D:6      | Found Sixkiyget's Weapon Shop.
  4556 | D:6      | Reached ** piety under Hepliaklqana
  4557 | D:6      | Remembered your ancestor Kepleb as a hexer
  4914 | D:6      | Noticed Eustachio
  4921 | D:6      | Killed Eustachio
  5127 | D:7      | Noticed Menkaure
  5157 | D:7      | Killed Menkaure
  5312 | D:7      | Reached skill level 5 in Invocations
  5346 | D:7      | Reached skill level 1 in Evocations
  5346 | D:7      | Gained mutation: You are mostly covered in rugged brown scales. (AC +2, +5% HP) [demonic ancestry]
  5346 | D:7      | Reached XP level 9. HP: 48/61 MP: 1/13
  5435 | D:7      | Found a staircase to the Ecumenical Temple.
  5719 | D:8      | Noticed grizmgrazm2's ghost (novice HuEE)
  5722 | D:8      | Noticed Maurice
  5905 | D:8      | Killed grizmgrazm2's ghost
  5982 | D:8      | Noticed a two-headed ogre
  6045 | D:8      | Reached *** piety under Hepliaklqana
  6093 | D:8      | Killed a two-headed ogre
  6093 | D:8      | Reached skill level 5 in Fighting
  6093 | D:8      | Reached skill level 5 in Dodging
  6093 | D:8      | Reached XP level 10. HP: 67/70 MP: 15/15
  6374 | D:8      | Learned a level 1 spell: Animate Skeleton
  6631 | D:8      | Found a shimmering altar of Xom.
  7063 | D:9      | Noticed dainius's ghost (novice MiFi)
  7082 | D:9      | Killed dainius's ghost
  7082 | D:9      | Reached skill level 1 in Spellcasting
  7082 | D:9      | Reached skill level 1 in Necromancy
  7149 | D:9      | Reached skill level 5 in Armour
  7335 | D:9      | Noticed a manticore
  7348 | D:9      | Killed a manticore
  7601 | D:9      | Reached XP level 11. HP: 70/76 MP: 17/17
  7671 | D:9      | Noticed a three-headed hydra
  7685 | D:9      | Slain by a seven-headed hydra

Vault maps used:
D:1:      dpeg_arrival_pond, hangedman_abyss_or_decor_stabs
D:2:      regret_index_temple_of_mockery, first_bread, minmay_misc_feat_five,
          kennysheep_generic_room_3
D:3:      marbit_many_paths, fedhas_altar_3, uniq_jessica, uniq_natasha
D:6:      grunt_temple_overflow_gold_and_silver, grunt_temple_overflow_open,
          serial_shops, nicolae_shop_competitors_out_of_business, uniq_eustachio
D:7:      temple_hall, minmay_misc_feat_doors, uniq_menkaure
D:8:      minmay_the_grid_octo_tiled_octocenter, xom_teletrap_fun, uniq_maurice
D:9:      fountainhead, hangedman_ranch

Skill      XL: |  1  2  3  4  5  6  7  8  9 10 |
---------------+-------------------------------+-----
Long Blades    | 3 4 5 6 7 8 9 |  9.5
Dodging        | 3 4 5 |  5.4
Armour         | 1 2 3 4 5 |  5.2
Fighting       | 3 4 5 |  5.7
Stealth        | 1 2 4 |  4.1
Shields        | 1 2 3 4 |  4.2
Invocations    | 2 5 7 9 |  9.2
Evocations     | 1 |  1.5
Spellcasting   | 1 |  1.8
Necromancy     | 1 |  1.1
Throwing       | |  1.8

Action                   |  1- 3 |  4- 6 |  7- 9 | 10-12 || total
-------------------------+-------+-------+-------+-------++-------
Melee: Long sword        |    85 |   131 |   231 |   175 ||   622
       Kick              |    12 |    49 |   106 |    86 ||   253
Throw: Throwing net      |       |       |     1 |       ||     1
 Cast: Animate Skeleton  |       |       |       |     5 ||     5
Invok: Ancestor Identity |       |     2 |     1 |       ||     3
       Ancestor Life: He |       |       |     1 |       ||     1
       Transference      |       |       |       |     1 ||     1
Evoke: Wand              |       |       |     4 |       ||     4
  Use: Scroll            |     1 |     3 |     1 |    10 ||    15
       Potion            |       |       |     5 |       ||     5
 Stab: Sleeping          |       |     2 |       |       ||     2
       Distracted        |       |       |     3 |     6 ||     9
       Confused          |       |       |     3 |     1 ||     4
       Held in net/web   |       |       |     2 |       ||     2
  Eat: Chunk             |     1 |     6 |     7 |     3 ||    17
       Royal jelly       |       |     1 |     2 |     1 ||     4
       Bread ration      |       |       |     1 |       ||     1
Armor: Leather armour    |    35 |    40 |       |       ||    75
       Ring mail         |       |       |    79 |    41 ||   120
Dodge: Dodged            |    96 |   107 |   141 |   115 ||   459
Block: Buckler           |       |    28 |    72 |    66 ||   166
       Rpst.: Long sword |    31 |    32 |    44 |    30 ||   137

Table legend:
 A = Spawn XP
 B = Non-spawn XP
 C = Spawn XP percentage of total XP
 D = Spawn monster count
 E = Non-spawn monster count
 F = Spawn count percentage of total count
 G = Total turns spent on level
                    A         B        C        D         E        F      G
               +---------+---------+-------+---------+---------+-------+---------
         Total |       0 |   11682 |   0.0 |       0 |     201 |   0.0 |  7685
               +---------+---------+-------+---------+---------+-------+---------
           D:1 |       0 |      90 |   0.0 |       0 |      37 |   0.0 |  1260
           D:2 |       0 |      63 |   0.0 |       0 |      22 |   0.0 |   533
           D:3 |       0 |     333 |   0.0 |       0 |      29 |   0.0 |  1173
           D:4 |       0 |     289 |   0.0 |       0 |      11 |   0.0 |   578
           D:5 |       0 |     406 |   0.0 |       0 |      13 |   0.0 |   656
           D:6 |       0 |     907 |   0.0 |       0 |      15 |   0.0 |   883
           D:7 |       0 |    1411 |   0.0 |       0 |      19 |   0.0 |   761
           D:8 |       0 |    5089 |   0.0 |       0 |      41 |   0.0 |  1204
           D:9 |       0 |    3094 |   0.0 |       0 |      14 |   0.0 |   637
               +---------+---------+-------+---------+---------+-------+---------
